 Dungeon Crawl Stone Soup version 0.28.0-45-g0d030f2227 (webtiles) character file.

Game seed: 1155782929964626167

16 pkoi the Caller (level 2, 0/20 HPs)
             Began as a Demigod Summoner on Apr 25, 2022.
             Slain by a jackal (3 damage)
             ... on level 1 of the Dungeon.
             The game lasted 00:01:09 (1161 turns).

pkoi the Caller (Demigod Summoner)                  Turns: 1161, Time: 00:01:09

Health: 0/20       AC:  2    Str:  9    XL:     2   Next: 27%
Magic:  2/7        EV: 12    Int: 17    God:
Gold:   57         SH:  0    Dex: 14    Spells: 1/4 levels left

rFire   . . .      SeeInvis .   g - +3 dagger (speed)
rCold   . . .      Faith    .   (no shield)
rNeg    . . .      Spirit   .   a - +0 robe
rPois   .          Reflect  .   (no helmet)
rElec   .          Harm     .   (no cloak)
rCorr   .          Rampage  .   (no gloves)
Will    .....                   (no boots)
Stlth   ++........              (no amulet)
HPRegen 0.06/turn               (no ring)
MPRegen 0.10/turn               (no ring)

@: no status effects
A: high MP 1, forlorn, divine attributes
a: no special abilities


You were on level 1 of the Dungeon.
You visited 1 branch of the dungeon, and saw 1 of its levels.

You collected 57 gold pieces.

Inventory:

Hand Weapons
 b - a +0 short sword
 g - a +3 dagger of speed (weapon)
Armour
 a - a +0 robe (worn)
Scrolls
 c - 2 scrolls of identify {unknown}
 d - 2 scrolls of immolation {unknown}
 f - a scroll of teleportation {unknown}
Potions
 e - a potion of attraction {unknown}


   Skills:
 - Level 1.7 Dodging
 - Level 1.7 Stealth
 + Level 1.2 Unarmed Combat
 - Level 1.7 Spellcasting
 + Level 3.9 Summonings


You had one spell level left.
You knew the following spells:

 Your Spells              Type           Power      Damage    Failure   Level
a - Summon Small Mammal   Summ           56%        N/A       4%          1
b - Call Imp              Summ           14%        N/A       6%          2

Your spell library contained the following spells:

 Spells                   Type           Power      Damage    Failure   Level
 Call Canine Familiar     Summ           14%        N/A       12%         3
 Summon Guardian Golem    Hex/Summ       8%         N/A       26%         3
 Summon Lightning Spire   Summ/Air       8%         N/A       65%         4


Dungeon Overview and Level Annotations

Branches:
Dungeon (1/15)

Shops:
D:1 [


Innate Abilities, Weirdness & Mutations

You have an increased reservoir of magic. (+10% MP)
You shall have no god before yourself.
Your divine heritage dramatically boosts your attributes as you level up.


Message History

You see here a jackal corpse.
Casting: Call Imp (safe; 6% risk of failure)
Confirm with . or Enter, or press ? or * to list all spells.
A beastly little devil appears in a puff of frigid air.
Your white imp disappears in a puff of smoke!
The jackal bites you.
* * * LOW HITPOINT WARNING * * *
The jackal closely misses you. The jackal bites you.
* * * LOW HITPOINT WARNING * * *
The jackal bites you but does no damage.
You barely miss the jackal.
The jackal bites you but does no damage.
The jackal bites you.
* * * LOW HITPOINT WARNING * * *
You closely miss the jackal.
Your white imp hits the jackal.
Your white imp freezes the jackal.
The jackal barely misses you.
Casting: Call Imp (safe; 6% risk of failure)
Confirm with . or Enter, or press ? or * to list all spells.
A beastly little devil appears in a puff of flame.
Your white imp disappears in a puff of smoke!
The jackal bites you.
* * * LOW HITPOINT WARNING * * *
The jackal barely misses you. x2
You hit the jackal.
The jackal is moderately wounded.
The jackal barely misses you. x2
Unknown command.
You miss the jackal.
The jackal is moderately wounded.
The jackal misses you. The jackal barely misses you.
Unknown command.
You completely miss the jackal.
The jackal is heavily wounded.
The jackal bites you.
* * * LOW HITPOINT WARNING * * *
Unknown command.
You closely miss the jackal.
The jackal is heavily wounded.
The jackal bites you.
You die...

........
'###......... ...
. ...# ....8..#
.. .## ##.#
......# .##.8
...#
#....####..(.
#####
#..........#
....# #.........#
###.# +....5hh.#
....# #...†.@..#
.#### ##.......#
'## #.......# ..+
#.......# <.#
+.####### ..+
#....# '##
#.##.#### .#####
##.......# .....#
#..##.##.######.#


You could see 2 jackals and a friendly crimson imp (summoned).

Vanquished Creatures
  A ball python (D:1)
  A goblin (D:1)
  A quokka (D:1)
  A bat (D:1)
  A frilled lizard (D:1)
  A kobold (D:1)
6 creatures vanquished.

Vanquished Creatures (collateral kills)
  3 ball pythons (D:1)
  An endoplasm (D:1)
  A goblin (D:1)
  2 jackals (D:1)
  A bat (D:1)
  2 rats (D:1)
10 creatures vanquished.

Grand Total: 16 creatures vanquished

Notes
Turn   | Place    | Note
-------+----------+-------------------------------------------
     0 | D:1      | pkoi the Demigod Summoner began the quest for the Orb.
     0 | D:1      | Reached XP level 1. HP: 14/14 MP: 5/5
   370 | D:1      | Found Fanwaefe's Antique Armour Shop.
   639 | D:1      | Reached skill level 1 in Unarmed Combat
   817 | D:1      | Reached XP level 2. HP: 13/20 MP: 5/7
  1021 | D:1      | Learned a level 2 spell: Call Imp
  1161 | D:1      | Slain by a jackal

Illustrated notes

Levels and vault maps discovered:
D:1:      nicolae_arrival_somewhat_less_tricky_arrival, layout_loops_cross,
          hellmonk_ecumenical_altar_lost_god, serial_shops, shop_fountains,
          nicolae_shop_statue_plus, nicolae_shop_behind_doors, dk_noncrumbling_3

Skill      XL: |  1 |
---------------+----+-----
Unarmed Combat | 1 |  1.2
Dodging        | |  1.7
Stealth        | |  1.7
Spellcasting   | |  1.7
Summonings     | |  3.9

Action                   || total
-------------------------++-------
Melee: Short sword       ||    34
       Unarmed           ||     8
       Punch             ||     1
       Dagger            ||     7
 Cast: Summon Small Mamm ||    10
       Call Imp          ||     4
Armor: Robe              ||    13
Dodge: Dodged            ||    50
